Unix NetHack Version 5.0.0-0 post-release - last build May 31 2026 23:59:36 (970b52f25bf058293b47ddfd14a1e40e571c508c,branch:main).

Game began 2026-06-06 22:43:37, ended 2026-06-06 23:07:58.

Drastanta, lawful male human Samurai

                        ----
                   ---- |..|        ----                 ---
                   |..--|..-----    |..----------        |..
                   |...--....|.--  --....--.....---       ..---
                    -...........----..............-- -------..--         ----
                    |................................^.--%%....|        --..|
     ---            |..----....----........%............(.--...|     ----...|
 -----.---        *##.--  |-...----...........|........#.--|...|   ---....---
--.--....--       ###.|---|.....--..........----......>|.| ---*--  |...----
|.........|       -#..#..---.......%.......--  --. --#  .|  --.^----.--..-
--.......-|    0  |..#....||-..........--..|        #| ---  |........| -..|---
 |........---##**##%.#-...--.(........----.-                |....-----  -.|..--
 |.|.........-#####-.#|...............|   ..                --......--  --....|
 |.--...........#).@.##@@).G..........|  -...                |^......|  |....--
 |...........--...-#-|......---.....--#  -...                --......-- --...--
 ---..|......||...## |......| --....- .   ....                --......----....|
   |-.|-....--|....| --.|...-  |......    ..--                 |..............|
   |..|--.--- --...-  -----..| ---......  ..|                  |...<....----.--
   |..| ---    |....|     |..|   ---........|                  ---.|..---  ---
   --.|        ---.--     ----      -.---.---                    ------
    ---           --                 --  --
Drastanta the Ninja    St:14 Dx:17 Co:18 In:10 Wi:9 Ch:7  Lawful
Dlvl:9  $:150 HP:0(65) Pw:22(22) AC:3  Xp:7 T:2865 

Latest messages:
 The rope golem grabs you!
 You destroy the rope golem!
 You hit the gecko.
 The gecko bites!
 You kill the gecko!
 Your legs feel better.
 Your movements are now unencumbered.
 Your lamp called Oil flickers.
 You hear crashing rock.
 You hear crashing rock.
 The Green-elf throws an elven dagger!
 You are hit by an elven dagger!
 You hit the Green-elf!
 The Green-elf wields an aklys!
 The Green-elf secures the tether on the aklys.
 The Green-elf wields an elven broadsword!
 You hit the Green-elf.
 The Green-elf throws an aklys!
 The aklys hits the Green-elf.
 The Green-elf swings her elven broadsword.
 The Green-elf hits!
 You miss the Green-elf.
 You hit the Green-elf.
 The Green-elf wields an elven broadsword!
 The Green-elf swings her elven broadsword.
 The Green-elf hits!
 You hit the Green-elf!
 The Green-elf swings her elven broadsword.
 The Green-elf hits!
 You kill the Green-elf!
 The Green-elf picks up an elven mithril-coat.
 The Green-elf wields an elven bow!
 You hit the Green-elf.
 You hit the Green-elf!
 The Green-elf swings her elven broadsword.
 The Green-elf hits!
 You hit the Green-elf.
 Your lamp called Oil flickers.
 You hit the Green-elf!
 The Green-elf swings her elven broadsword.
 The Green-elf hits!
 The Green-elf picks up an elven broadsword.
 The Green-elf puts on an elven leather helm.
 The gnome shoots 2 crossbow bolts!
 You are hit by the 1st crossbow bolt.
 You hear the howling of the CwnAnnwn...
 You are hit by the 2nd crossbow bolt.
 You die...
 Do you want your possessions identified? [ynq] (y) y
 Do you want to see your attributes? [ynq] (y) q

Inventory:
 Coins    ('$')
  $ - 150 gold pieces
 Weapons  (')')
  d - 41 +0 ya (in quiver)
  c - a +0 yumi (alternate weapon; not wielded)
  a - a +0 katana (weapon in right hand)
  b - a +0 wakizashi
 Armor    ('[')
  F - an uncursed rusty +0 pair of iron shoes (being worn)
  G - an uncursed +0 dwarvish cloak (being worn)
  e - an uncursed rustproof +0 splint mail (being worn)
 Comestibles  ('%')
  O - 2 uncursed Cans of White Monster
  K - an uncursed cram ration
  q - an uncursed gunyoki
 Scrolls  ('?')
  n - an uncursed scroll of confuse monster
  v - an uncursed scroll of create monster
  h - a blessed scroll of enchant armor
  B - an uncursed scroll of food detection
  f - 2 uncursed scrolls of identify
  L - an uncursed scroll of magic mapping
  g - an uncursed scroll of scare monster
 Potions  ('!')
  H - an uncursed potion of enlightenment
  J - an uncursed potion of fruit juice
  j - 2 uncursed potions of gain ability
 Rings    ('=')
  w - an uncursed +1 ring of increase accuracy
 Wands    ('/')
  y - a wand of digging (0:7)
  A - a wand of striking (0:6)
 Tools    ('(')
  P - an empty uncursed sack
  Q - an uncursed blindfold
  z - an uncursed oil lamp (lit)
  D - an uncursed skeleton key
  C - an uncursed tin whistle

Drastanta the Samurai's attributes:

Background:
 You were a Ninja, a level 7 male human Samurai.
 You were lawful, on a mission for Amaterasu Omikami
 who was opposed by Raijin (neutral) and Susanowo (chaotic).
 You were right-handed.
 You were in the Gnomish Mines, on level 9.
 You entered the dungeon 2865 turns ago.
 It was nighttime.
 You had 990 experience points, 290 more were needed to attain level 8.

Basics:
 You had 0 out of 65 hit points.
 You had all 22 energy points (spell power).
 Your armor class was 3.
 Your wallet contained 150 zorkmids.
 Autopickup was on for '$' plus thrown.

Final Characteristics:
 Your strength was 14 (limit:18/100).
 Your dexterity was 17 (limit:18).
 Your constitution was 18 (limit:18).
 Your intelligence was 10 (limit:18).
 Your wisdom was 9 (limit:18).
 Your charisma was 7 (limit:18).

Final Status:
 You weren't hungry.
 You were unencumbered.
 You were wielding a long sword.
 You were skilled in long sword and could have enhanced that.

Final Attributes:
 You were piously aligned.
 Your items were somewhat protected from fire.
 Your items were somewhat protected from cold.
 You were telepathic.
 You were warded.
 You were fast.
 You are dead.

Miscellaneous:
 You didn't encounter any bones levels.
 Total elapsed playing time was 24 minutes and 21 seconds.

Major events:
 Turn
    1: Drastanta the lawful male human Samurai entered the dungeon
  483: entered the Gnomish Mines
  946: attained the rank of Ronin (level 3)
 1864: reached Mine Town
 1902: attained the rank of Ninja (level 6)
 2865: killed by a crossbow bolt

You didn't know any spells.

Skills:
 Fighting Skills
   martial arts      [Basic]
   two weapon combat [Unskilled]
   riding            [Unskilled]
 Weapon Skills
   dagger            [Unskilled]
   knife             [Unskilled]
   short sword       [Basic]
   broadsword        [Unskilled]
   long sword        [Skilled]
   two-handed sword  [Unskilled]
   saber             [Unskilled]
   flail             [Unskilled]
   quarterstaff      [Unskilled]
   polearms          [Unskilled]
   spear             [Unskilled]
   lance             [Unskilled]
   bow               [Basic]
   shuriken          [Unskilled]
 Spellcasting Skills
   attack spells     [Unskilled]
   divination spells [Unskilled]
   clerical spells   [Unskilled]

Voluntary challenges:
 Character rerolling was not enabled.
 You never genocided any monsters.
 You never polymorphed an object.
 You never changed form.
 You used no wishes.
Achievements:
 You entered the Gnomish Mines.
 You attained the rank of Ronin.
 You entered Minetown.
 You attained the rank of Ninja.
 You entered a temple.
 You entered a shop.

 The Dungeons of Doom: levels 1 to 3
    Level 1:
       An altar, a fountain.
    Level 2:
       A fountain.
    Level 3:
       A fountain.
       Stairs down to The Gnomish Mines.
 The Gnomish Mines: levels 4 to 9
    Level 4:
    Level 5:
    Level 6:
       Many shops, a temple and an altar, some fountains.
    Level 7:
    Level 8:
    Level 9: <- You were here.
       Final resting place for
          you, killed by a crossbow bolt.


Vanquished creatures:
  a small mimic
  a xan
  a Green-elf
  a rope golem
  2 mountain nymphs
 11 gnome leaders
  4 gnomish wizards
  a giant ant
  a little dog
  a floating eye
  3 dwarves
  a homunculus
  3 hill orcs
  5 monkeys
 an iguana
  a hobbit
  6 manes
  a hobgoblin
  3 giant rats
  a green mold
  2 red molds
 41 gnomes
  a gecko
  9 jackals
  a fox
  4 grid bugs
  2 lichens
  2 newts
111 creatures vanquished.

No species were genocided or became extinct.

Game over:
                       ----------
                      /          \
                     /    REST    \
                    /      IN      \
                   /     PEACE      \
                  /                  \
                  |    Drastanta     |
                  |      150 Au      |
                  |   killed by a    |
                  |  crossbow bolt   |
                  |                  |
                  |                  |
                  |       2026       |
                 *|     *  *  *      | *
        _________)/\\_//(\/(/\)/\//\/|_)_______

Sayonara Drastanta the Samurai...

You died in The Gnomish Mines on dungeon level 9 with 4505 points,
and 150 pieces of gold, after 2865 moves.
You were level 7 with a maximum of 65 hit points when you died.

